 Dungeon Crawl Stone Soup version 0.23.2-1-ga50397a (webtiles) character file.

Game seed: 9287716287702134278

5625 sankara the Spear-Bearer (level 10, -2/80 (82) HPs)
             Began as a Merfolk Gladiator on May 20, 2019.
             Was a Priest of Okawaru.
             Killed from afar by Maurice (6 damage)
             ... with a wand of acid (1)
             ... on level 9 of the Dungeon.
             The game lasted 00:28:08 (8751 turns).

sankara the Spear-Bearer (Merfolk Gladiator)        Turns: 8751, Time: 00:28:09

HP:   -2/80 (82)    AC:  8    Str: 18    XL:     10   Next: 74%
MP:   12/12         EV: 19    Int:  7    God:    Okawaru [***...]
Gold: 293           SH:  0    Dex: 16    Spells: 9/9 levels left

rFire    . . .     SeeInvis .   a - +4 halberd
rCold    + . .     Gourm    .   (shield currently unavailable)
rNeg     . . .     Faith    .   F - +3 leather armour {rPois}
rPois    +         Spirit   .   c - +0 helmet
rElec    .         Reflect  .   (no cloak)
rCorr    +         Harm     .   g - +0 pair of gloves
MR       .....                  (no boots)
Stlth    +.........             H - amulet of magic regeneration
HPRegen  0.23/turn              L - ring of resist corrosion
MPRegen  0.38/turn              C - ring of protection from cold {rC+, !d}

@: lightly drained
A: change form in water, swift swim, stealthy swim
a: Heroism, Renounce Religion


You were on level 9 of the Dungeon.
You worshipped Okawaru.
Okawaru was most pleased with you.
You were not hungry.

You visited 2 branches of the dungeon, and saw 10 of its levels.

You collected 389 gold pieces.
You spent 96 gold pieces at shops.

Inventory:

Hand Weapons
 a - a +4 halberd (weapon)
   (You took it off a wight on level 7 of the Dungeon)
 e - a cursed +0 hunting sling
   (You found it on level 8 of the Dungeon)
Missiles
 d - 5 throwing nets {=f, !d}
 i - 234 stones
 v - 7 tomahawks (quivered)
 K - 6 tomahawks of returning
Armour
 c - a +0 helmet (worn)
 g - a +0 pair of gloves (worn)
   (You found it on level 1 of the Dungeon)
 F - a +3 leather armour of poison resistance (worn)
   (You took it off Eustachio on level 5 of the Dungeon)
Jewellery
 u - an uncursed ring of ice {rC+, rF-}
   (You found it on level 2 of the Dungeon)
 C - a ring of protection from cold (right hand) {rC+, !d}
   (You found it on level 3 of the Dungeon)
 H - an amulet of magic regeneration (around neck)
   (You took it off a crimson imp on level 6 of the Dungeon)
 L - a ring of resist corrosion (left hand)
   (You found it on level 7 of the Dungeon)
Wands
 b - a wand of random effects (17)
   (You found it on level 5 of the Dungeon)
 x - a wand of polymorph (4)
   (You found it on level 2 of the Dungeon)
 E - a wand of flame (11)
   (You took it off Eustachio on level 5 of the Dungeon)
 G - a wand of iceblast (12)
   (You found it on level 5 of the Dungeon)
Scrolls
 h - 7 scrolls of identify {unknown}
 j - 4 scrolls of teleportation
 k - 8 scrolls of remove curse
 m - 2 scrolls of amnesia
 n - 5 scrolls of magic mapping {unknown}
 o - 3 scrolls of enchant weapon
 q - 2 scrolls of enchant armour
 t - a scroll of summoning {unknown}
 w - 2 scrolls of fog
Potions
 l - 4 potions of lignification {!q}
 p - a potion of heal wounds
 r - 8 potions of curing
 D - 2 potions of agility
 I - a potion of brilliance
Comestibles
 f - 20 rations


   Skills:
 + Level 8.7(8.2) Fighting
 + Level 14.5(13.9) Polearms
 - Level 2.0(1.5) Throwing
 + Level 2.1(1.7) Armour
 + Level 10.7(10.2) Dodging
 + Level 3.2(2.7) Invocations


You had 9 spell levels left.
You didn't know any spells.
Your spell library contained the following spells:

 Spells                   Type           Power        Failure   Level  Hunger
 Flame Tongue             Conj/Fire      #....        50%         1    ##.....
 Throw Flame              Conj/Fire      #.....       63%         2    ###....
 Conjure Flame            Conj/Fire      #.......     86%         3    ####...
 Inner Flame              Hex/Fire       #.......     86%         3    ####...
 Sticky Flame             Conj/Fire      #.......     99%         4    #####..
 Fireball                 Conj/Fire      #.........   100%        5    ######.


Dungeon Overview and Level Annotations

Branches:
Dungeon (9/15)             Temple (1/1) D:6
   Lair: D:8-11         Orc: D:9-12

Altars:
Ashenzari
Cheibriados
Dithmenos
Elyvilon
Fedhas
Gozag
Hepliaklqana
Kikubaaqudgha
Makhleb
Nemelex Xobeh
Okawaru
Qazlal
Ru
Sif Muna
Trog
Uskayaw
Vehumet
Wu Jian
Xom
Yredelemnul
Zin
The Shining One

Shops:
D:5 *   D:7 :

Annotations:
D:9 exclusion: Maurice, Maurice


Message History

Unknown command.
Evoke which item? (* to show all) (? for menu, Esc to quit)
Aiming: Random Effects
Press: ? - help, Shift-Dir - straight line, f - you That beam is likely to hit you.
Continue anyway?
The bolt of poison hits you. You resist.
You start resting.
Eating one of 3 chunks of flesh {@w0}.
You eat one of the 3 chunks of flesh {@w0}.
This raw flesh tastes terrible.
HP restored.
Evoke which item? (* to show all) (? for menu, Esc to quit)
Aiming: Random Effects
Press: ? - help, Shift-Dir - straight line, f - you That beam is likely to hit you.
Continue anyway?
The puff of frost hits you but does no damage.
You resist.
Evoke which item? (* to show all) (? for menu, Esc to quit)
Aiming: Random Effects
Press: ? - help, Shift-Dir - straight line, f - you That beam is likely to hit you.
Continue anyway?
The bolt of negative energy hits you!
You feel drained.
You start resting.
HP restored.
Evoke which item? (* to show all) (? for menu, Esc to quit)
Aiming: Random Effects
Press: ? - help, Shift-Dir - straight line, f - you That beam is likely to hit you.
Continue anyway?
The mass of ice explodes!
The iceblast engulfs you! You partially resist.
You hear a shout!
You hear an angry hiss.
You hear a shout! x3
Maurice gestures wildly while chanting.
Maurice flickers and vanishes!
Deactivating autopickup; reactivate with Ctrl-A.
Evoke which item? (* to show all) (? for menu, Esc to quit)
Aiming: Random Effects
Press: ? - help, Shift-Dir - straight line, f - you That beam is likely to hit you.
Continue anyway?
You suddenly lose the ability to move!
You hear a zap.
A bolt of acid appears from out of thin air!
The bolt of acid hits you! You resist. The acid corrodes you!
You are splashed with acid!
You resist.
You can move again.
You hear some strange, mumbled words.
You hear some strange, mumbled words.
You hear a zap.
A bolt of acid appears from out of thin air!
The bolt of acid hits you! You resist.
You are splashed with acid!
You resist.
All of the chunks of flesh in your inventory have rotted away.
You see here a water moccasin corpse.
You hear a zap.
A bolt of acid appears from out of thin air!
The bolt of acid misses you.
You hear a zap.
A bolt of acid appears from out of thin air!
The bolt of acid misses you.
You see here a water moccasin corpse.
You barely miss something. Something hits you.
Something steals your scroll labeled YGUISE ZUCHIFF!
You miss something. You closely miss something.
You hear a zap.
A bolt of acid appears from out of thin air!
The bolt of acid hits you. You resist.
You are splashed with acid.
You resist.
You slash something!
You hear a zap.
A bolt of acid appears from out of thin air!
The bolt of acid misses you.
You closely miss something.
You are no longer corroded.
Something closely misses you.
You hit something. Something hits you.
Something steals your +3 dagger!
You hit something. You puncture something! Something hits you.
* * * LOW HITPOINT WARNING * * *
Something steals 5 of your 12 tomahawks!
You closely miss something. Something barely misses you.
You closely miss something.
You hear a zap.
A bolt of acid appears from out of thin air!
The bolt of acid hits you! You resist.
* * * LOW HITPOINT WARNING * * *
You are splashed with acid.
You resist.
* * * LOW HITPOINT WARNING * * *
You miss something. Something hits you.
* * * LOW HITPOINT WARNING * * *
Something steals your uncursed ring of poison resistance {rPois, !d}!
You closely miss something. You puncture something! You slash something!
Something hits you.
* * * LOW HITPOINT WARNING * * *
Something steals your bubbling cyan potion!
You miss something. Something hits you but does no damage.
You slash something!
You hear some strange, mumbled words.
You miss something.
Maurice appears from thin air!
Reactivating autopickup.
You barely miss Maurice.
Maurice is almost dead.
Maurice zaps a wand.
The bolt of acid hits you. You resist.
You die...

.......###.######
................#
..........#####.#
.......#### #.#
...#..## #.##
####...### #..#
#..#...## ##.#
###.####..# #@#
....# ##.## #@#
.#### #..# #.##
..## ##.### #..#
...# #...# ##.#
##.# ###.####.#
##.### #......#
#...### #####..#
####...# #..#
....##.# #..##


You could see Maurice.

Vanquished Creatures
  A two-headed ogre (D:7)
  A hippogriff (D:8)
  Sigmund (D:2)
  Eustachio (D:5)
  A water moccasin (D:9)
  A sky beast (D:9)
  5 necrophages
  7 ogres
  2 phantoms
  2 ice beasts
  3 centaurs
  A wyvern zombie (D:7)
  8 bullfrogs
  A gnoll sergeant (D:7)
  3 scorpions
  9 wights
  A howler monkey (D:7)
  3 crimson imps
  2 jellies
  3 bullfrog zombies
  A quasit (D:7)
  8 orc wizards
  A bullfrog skeleton (D:5)
  5 hounds
  5 orc priests
  Jessica (D:2)
  Natasha (thrice) (D:2)
  6 worker ants
  Terence (D:2)
  A killer bee zombie (D:5)
  2 hound skeletons
  Robin (D:3)
  2 mummies (D:7)
  3 worker ant zombies
  5 gnolls (D:7)
  10 adders
  2 shadow imps
  An ooze (D:2)
  An adder skeleton (D:6)
  4 worms
  3 dart slugs
  9 leopard geckos
  20 orcs
  2 ball pythons
  9 giant cockroaches
  16 goblins
  7 hobgoblins
  14 jackals
  A quokka (D:6)
  5 bats
  4 frilled lizards
  A giant cockroach zombie (D:5)
  6 kobolds
  A leopard gecko zombie (D:5)
  A quokka zombie (D:5)
  5 rats
223 creatures vanquished.

Vanquished Creatures (others)
  2 withered plants (D:7)
2 creatures vanquished.

Grand Total: 225 creatures vanquished

Notes
Turn   | Place    | Note
-------+----------+-------------------------------------------
     0 | D:1      | sankara the Merfolk Gladiator began the quest for the Orb.
     0 | D:1      | Reached XP level 1. HP: 16/16 MP: 1/1
   113 | D:1      | You fall through a shaft!
   145 | D:1      | Reached XP level 2. HP: 16/23 MP: 2/2
   152 | D:1      | Reached skill level 5 in Polearms
   539 | D:1      | Reached XP level 3. HP: 17/28 MP: 3/3
  1380 | D:2      | Reached skill level 3 in Fighting
  1380 | D:2      | Reached XP level 4. HP: 35/35 MP: 4/4
  1474 | D:2      | Reached skill level 6 in Polearms
  1540 | D:2      | Noticed Terence
  1552 | D:2      | Killed Terence
  1668 | D:2      | Noticed Sigmund
  1690 | D:2      | Killed Sigmund
  1690 | D:2      | Reached skill level 7 in Polearms
  1690 | D:2      | Reached skill level 5 in Dodging
  1690 | D:2      | Reached XP level 5. HP: 12/42 MP: 5/5
  1690 | D:2      | Reached XP level 6. HP: 14/48 MP: 6/6
  1939 | D:2      | Noticed Natasha
  1943 | D:2      | Killed Natasha
  1943 | D:2      | Reached skill level 4 in Fighting
  1956 | D:2      | Noticed Natasha
  1966 | D:2      | Killed Natasha
  1980 | D:2      | Noticed Natasha
  1990 | D:2      | Killed Natasha
  1990 | D:2      | Reached skill level 8 in Polearms
  2138 | D:2      | Noticed Jessica
  2165 | D:2      | Killed Jessica
  2530 | D:3      | Reached skill level 6 in Dodging
  2530 | D:3      | Reached XP level 7. HP: 42/55 MP: 7/7
  2614 | D:3      | Noticed Robin
  2641 | D:3      | Killed Robin
  3321 | D:4      | Reached skill level 9 in Polearms
  3580 | D:4      | Reached skill level 5 in Fighting
  4005 | D:5      | Entered Level 5 of the Dungeon
  4036 | D:5      | Reached skill level 7 in Dodging
  4036 | D:5      | Reached XP level 8. HP: 60/62 MP: 8/8
  4060 | D:5      | Reached skill level 10 in Polearms
  4062 | D:5      | Noticed Eustachio
  4093 | D:5      | Killed Eustachio
  4576 | D:5      | Found Wighie's General Store.
  4588 | D:5      | Bought a scroll of remove curse for 36 gold pieces
  4588 | D:5      | Bought a scroll of fog for 24 gold pieces
  4588 | D:5      | Bought a potion of lignification for 36 gold pieces
  4687 | D:5      | HP: 16/64 [wight/+3 scimitar (15)]
  4703 | D:5      | Reached skill level 11 in Polearms
  4942 | D:5      | Reached skill level 6 in Fighting
  5109 | D:5      | Reached skill level 8 in Dodging
  5631 | D:6      | Reached XP level 9. HP: 67/70 MP: 9/9
  5651 | D:6      | Reached skill level 12 in Polearms
  6061 | D:6      | Found a staircase to the Ecumenical Temple.
  6088 | Temple   | Entered the Ecumenical Temple
  6206 | Temple   | Became a worshipper of Warmaster Okawaru
  6344 | D:6      | Reached skill level 7 in Fighting
  6382 | D:7      | Reached skill level 9 in Dodging
  6404 | D:7      | Noticed a two-headed ogre
  6425 | D:7      | Killed a two-headed ogre
  6425 | D:7      | Reached * piety under Okawaru
  6425 | D:7      | Reached skill level 13 in Polearms
  6623 | D:7      | Reached XP level 10. HP: 52/78 MP: 10/10
  6663 | D:7      | Reached ** piety under Okawaru
  6708 | D:7      | Reached skill level 14 in Polearms
  6708 | D:7      | Reached skill level 10 in Dodging
  6750 | D:7      | Reached skill level 8 in Fighting
  6816 | D:7      | Reached skill level 1 in Invocations
  7088 | D:7      | Reached skill level 1 in Armour
  7275 | D:7      | Reached skill level 2 in Invocations
  7294 | D:7      | Found Itaoney's Book Boutique.
  7495 | D:7      | Found a burning altar of Makhleb.
  7657 | D:8      | Reached *** piety under Okawaru
  7691 | D:8      | Found a deep blue altar of Sif Muna.
  7711 | D:8      | Identified Sif Muna's Reference Book on Arcane Weapons
  8036 | D:8      | Found a flagged portal.
  8490 | D:9      | Reached skill level 2 in Armour
  8490 | D:9      | Reached skill level 3 in Invocations
  8631 | D:9      | Noticed Maurice
  8718 | D:9      | Paralysed by you for 6 turns
  8743 | D:9      | HP: 17/80 [something/wand of acid (2) (8)]
  8744 | D:9      | HP: 5/80 [something (6)]
  8751 | D:9      | Killed from afar by Maurice

Skill      XL: |  1  2  3  4  5  6  7  8  9 10 |
---------------+-------------------------------+-----
Polearms       | 5 7 8 9 11 13 14 | 14.5
Fighting       | 3 4 5 6 7 8 |  8.7
Dodging        | 5 6 7 8 9 10 | 10.7
Invocations    | 3 |  3.2
Armour         | 2 |  2.1
Throwing       | |  2.0

Action                   |  1- 3 |  4- 6 |  7- 9 | 10-12 || total
-------------------------+-------+-------+-------+-------++-------
Melee: Trident           |   105 |   119 |   549 |    42 ||   815
       Tailslap          |       |       |     7 |     4 ||    11
       Halberd           |       |       |       |   207 ||   207
Throw: Tomahawk          |       |     2 |     4 |     1 ||     7
Evoke: Wand              |       |       |       |     5 ||     5
  Use: Potion            |       |     1 |     5 |       ||     6
       Scroll            |       |       |       |     7 ||     7
 Stab: Sleeping          |       |     1 |     1 |     2 ||     4
       Distracted        |       |       |     1 |       ||     1
  Eat: Chunk             |     2 |     3 |    14 |     7 ||    26
Armor: Leather armour    |    27 |    12 |    86 |    21 ||   146
Dodge: Dodged            |    55 |    53 |   305 |   134 ||   547

Levels and vault maps discovered:
D:1:      nzn_arrival_settlement, layout_loops_ring, hangedman_decor_growths
D:2:      layout_loops_ring, first_ration, uniq_sigmund, uniq_natasha,
          uniq_jessica, uniq_terence
D:3:      layout_rooms, hangedman_decor_push, uniq_robin
D:4:      layout_loops_ring
D:5:      layout_basic, serial_shops, shop, uniq_eustachio
D:6:      layout_loops_ring, minmay_temple_entry_offerings, minmay_bent
D:7:      layout_basic, serial_undead, serial_undead_d, serial_undead_f,
          serial_undead_e, serial_undead_f, serial_shops,
          nicolae_shop_statue_plus, grunt_ogre_cave, st_stairs_7,
          david_defended_altar_orc
D:8:      layout_loops_ring, led_sif_book, enter_bailey_3
D:9:      layout_rooms, lair_entry_dummy, uniq_maurice
Temple:   compressed_dpeg_circular_temple

Table legend:
 A = Turns spent in this place as a percentage of turns spent in the entire game.
 B = Non-inter-level travel turns spent in this place as a percentage of non-inter-level travel turns spent in the entire game.
 C = Inter-level travel turns spent in this place as a percentage of turns spent in this place.
 D = Turns resting spent in this place as a percentage of non-inter-level travel turns spent in this place.
 E = Turns spent auto-exploring this place as a percentage of non-inter-level travel turns spent in this place.
 F = Non-inter-level travel turns spent in this place divided by the number of levels of this place that you've seen.
                   A       B       C       D       E      F
               +-------+-------+-------+-------+-------+----------------------
         Total | 100.0 | 100.0 |   4.4 |  28.2 |  46.8 | 836.7
       Dungeon |  98.6 |  98.9 |   4.1 |  28.5 |  46.3 | 919.1
        Temple |   1.4 |   1.1 |  24.6 |   0.0 |  90.5 |  95.0
               +-------+-------+-------+-------+-------+----------------------

Table legend:
 A = Kills in this place as a percentage of kills in entire the game.
 B = Kills by you in this place as a percentage of kills by you in the entire game.
 C = Kills by friends in this place as a percentage of kills by friends in the entire game.
 D = Other kills in this place as a percentage of other kills in the entire game.
 E = Experience gained in this place as a percentage of experience gained in the entire game.
 F = Experience gained in this place divided by the number of levels of this place that you have seen.
                   A       B       C       D       E      F
               +-------+-------+-------+-------+-------+----------------------
         Total | 100.0 | 100.0 |   N/A |   N/A | 100.0 | 803.7
       Dungeon | 100.0 | 100.0 |   N/A |   N/A | 100.0 | 893.0
               +-------+-------+-------+-------+-------+----------------------
